Unix NetHack Version 5.0.0-0 post-release - last build May 17 2026 04:57:42 (dc50c8380fa5e20985bfe3072449f57b8d9895ef,branch:main).

Game began 2026-05-19 00:36:54, ended 2026-05-19 00:51:33.

Brudee, chaotic female human Wizard

                                       ------------------
                                       ..........@..)....
                                       ----------------.%

Brudee the Thaumaturge    St:11 Dx:13 Co:16 In:18 Wi:10 Ch:9  Chaotic S:2463
Dlvl:5  $:49 HP:0(59) Pw:44(44) AC:7  Xp:6/551 T:1523  Burdened

Latest messages:
 You miss the gecko.
 The magic-absorbing blade stuns the gecko!
 The gecko bites!
 The magic-absorbing blade stuns the gecko!
 You kill the gecko!
 You fall down the stairs.
 You feel strong!
 You must have been exercising diligently.
 You feel agile!
 You must have been working on your reflexes.
 You hit the gnome.
 You miss the gnome.
 You miss the gnome.
 You kill the gnome!
 You see here 4 darts.
 A trap door opens up under you!
 The magic-absorbing blade cancels the gnome!
 You kill the gnome!
 You have a little trouble lifting U - a scroll labeled HAPAX LEGOMENON.
 You are almost hit by a stout spear.
 You hear a horn being played nearby.
 The bolt of cold misses the dwarf.
 The bolt of cold whizzes by you!
 The magic-absorbing blade scares the dwarf!
 The dwarf turns to flee.
 The gnome hits!
 You miss the dwarf.
 The magic-absorbing blade stuns the gnome!
 The gnome lord hits!
 The gnome hits!
 The magic-absorbing blade stuns the gnome!
 You kill the gnome!
 You miss the gnome lord.
 The gnome lord hits!
 The dwarf picks up a white gem.
 The magic-absorbing blade scares the gnome lord!
 The gnome lord turns to flee.
 The dwarf thrusts her broad short sword.
 The dwarf hits!
 The dwarf thrusts her broad short sword.
 The dwarf hits!
 The dwarf thrusts his dagger.
 The dwarf hits!
 You see here a stout spear.
 You are hit by a dagger.
 You hear a horn being played nearby.
 The bolt of cold hits you!
 You die...
 Do you want your possessions identified? [ynq] (y) y
 Do you want to see your attributes? [ynq] (y) q

Inventory:
 Coins    ('$')
  $ - 49 gold pieces
 Weapons  (')')
  G - the rustproof +0 Magicbane (weapon in right hand)
  a - a blessed +1 quarterstaff
 Armor    ('[')
  J - an uncursed +0 orcish helm (being worn)
  C - an uncursed +0 pair of low boots (being worn)
  b - an uncursed +0 cloak of magic resistance (being worn)
 Comestibles  ('%')
  D - an uncursed food ration
  R - a cursed food ration
  A - an uncursed pear
 Scrolls  ('?')
  N - a blessed scroll of blank paper
  L - an uncursed scroll of blank paper
  M - a cursed scroll of blank paper
  H - an uncursed scroll of create monster
  U - an uncursed scroll of destroy armor
  k - an uncursed scroll of food detection
  p - a blessed scroll of light
  j - an uncursed scroll of light
  K - a blessed scroll of remove curse
  y - an uncursed scroll of remove curse
 Spellbooks  ('+')
  l - a blessed spellbook of force bolt
  m - an uncursed spellbook of knock
 Potions  ('!')
  g - an uncursed potion of blindness
  f - an uncursed potion of booze
  O - an uncursed potion of confusion
  t - an uncursed potion of healing
  I - 2 uncursed potions of paralysis
  q - an uncursed potion of restore ability
  u - an uncursed potion of speed
 Rings    ('=')
  d - an uncursed ring of see invisible
 Wands    ('/')
  c - a wand of undead turning (0:5)
 Tools    ('(')
  w - a bag of tricks (0:4)
  n - a magic marker (0:22)
  S - a +0 pick-axe
  v - an uncursed saddle
  o - an uncursed tin whistle
 Gems/Stones  ('*')
  Q - an uncursed diamond
  P - an uncursed worthless piece of green glass

Brudee the Wizard's attributes:

Background:
 You were a Thaumaturge, a level 6 female human Wizard.
 You were chaotic, on a mission for Anhur
 who was opposed by Ptah (lawful) and Thoth (neutral).
 You were right-handed.
 You were in the Gnomish Mines, on level 5.
 You entered the dungeon 1523 turns ago.
 It was the midnight hour.
 There was a new moon in effect when your adventure ended.
 You had 551 experience points, 89 more were needed to attain level 7.
 Your score was 2463 before end-of-game adjustments.

Basics:
 You had 0 out of 59 hit points.
 You had all 44 energy points (spell power).
 Your armor class was 7.
 Your wallet contained 49 zorkmids.
 Autopickup was on for '$!=+?/"' plus thrown.

Final Characteristics:
 Your strength was 11 (limit:18/100).
 Your dexterity was 13 (limit:18).
 Your constitution was 16 (limit:18).
 Your intelligence was 18 (limit:18).
 Your wisdom was 10 (limit:18).
 Your charisma was 9 (limit:18).

Final Status:
 You weren't hungry.
 You were burdened; movement was slightly slowed.
 You were wielding a dagger.
 You were unskilled in dagger and could have enhanced that.

Final Attributes:
 You were devoutly aligned.
 You were magic-protected.
 You were warded.
 You are dead.

Miscellaneous:
 You didn't encounter any bones levels.
 Total elapsed playing time was 14 minutes and 38 seconds.

Major events:
 Turn
    1: Brudee the chaotic female human Wizard entered the dungeon
  208: attained the rank of Conjurer (level 3)
  765: was bestowed with Magicbane by Anhur
  865: entered the Gnomish Mines
  879: attained the rank of Thaumaturge (level 6)
 1523: killed by a bolt of cold played by a gnome lord

Spells:
 Name                 Level Category     Fail Retention
 force bolt             1   attack         0%  91%-100%
 knock                  1   matter         0%  76%-100%

Skills:
 Fighting Skills
   bare handed combat [Unskilled]
   riding             [Unskilled]
 Weapon Skills
   dagger             [Unskilled]
   knife              [Unskilled]
   axe                [Unskilled]
   short sword        [Unskilled]
   club               [Unskilled]
   mace               [Unskilled]
   quarterstaff       [Basic]
   polearms           [Unskilled]
   spear              [Unskilled]
   trident            [Unskilled]
   sling              [Unskilled]
   dart               [Unskilled]
   shuriken           [Unskilled]
 Spellcasting Skills
   attack spells      [Basic]
   healing spells     [Unskilled]
   divination spells  [Unskilled]
   enchantment spells [Basic]
   clerical spells    [Unskilled]
   escape spells      [Unskilled]
   matter spells      [Unskilled]

Voluntary challenges:
 Character rerolling was not enabled.
 You never genocided any monsters.
 You never polymorphed an object.
 You never changed form.
 You used no wishes.
Achievements:
 You attained the rank of Conjurer.
 You entered a shop.
 You entered the Gnomish Mines.
 You attained the rank of Thaumaturge.

 The Dungeons of Doom: levels 1 to 2
    Level 1:
       An altar to Anhur, a fountain.
    Level 2:
       A general store, a fountain.
       Stairs down to The Gnomish Mines.
 The Gnomish Mines: levels 3 to 5
    Level 3:
    Level 4:
    Level 5: <- You were here.
       Final resting place for
          you, killed by a bolt of cold played by a gnome lord.


Vanquished creatures:
 18 fog clouds
  2 gnome leaders
  a gray ooze
  a paper golem
  a little dog
  3 dwarves
  3 hill orcs
  3 iguanas
  a hobgoblin
  a yellow mold
  a red mold
 14 gnomes
  5 geckos
  a fox
  a goblin
  5 grid bugs
  4 bats
  2 lichens
  a kobold zombie
  a newt
69 creatures vanquished.

No species were genocided or became extinct.

Game over:
                       ----------
                      /          \
                     /    REST    \
                    /      IN      \
                   /     PEACE      \
                  /                  \
                  |      Brudee      |
                  |      49 Au       |
                  | killed by a bolt |
                  |  of cold played  |
                  | by a gnome lord  |
                  |                  |
                  |       2026       |
                 *|     *  *  *      | *
        _________)/\\_//(\/(/\)/\//\/|_)_______

Goodbye Brudee the Wizard...

You died in The Gnomish Mines on dungeon level 5 with 2459 points,
and 49 pieces of gold, after 1523 moves.
You were level 6 with a maximum of 59 hit points when you died.

